AoeStats
← 大王同学

Coastal Forest

503540589Analyzed
4v4 RM · 1mo ago on Sep 1, 2026· 38m 51s· 8 players
Game mode
Random Map
Map size
Large (8 player)
Population
200
Speed
Normal
Resources
Standard
Victory
Conquest
Starting age
Dark Age
Ending age
Imperial Age
RankedLock teamsTeams togetherTeam positionsShared explorationLock speedFull tech treeHidden civsTurbo modeCheats
Victory
Defeat
🇺🇸 Lithuanians · United States
1376
+15
🇨🇦 Shu · Canada
1331
+17
🇭🇰 Mapuche · Hong Kong SAR China
1305
+18
🇨🇳 Franks · China
1227
+22
🇲🇽 Saracens · Mexico
1383
-19
🇨🇴 Khmer · Colombia
1352
-18
🇲🇽 Khitans · Mexico
1350
-18
🇲🇽 Magyars · Mexico
1328
-17
R Blong 2 me
7:46 Loom
9:56 Feudal Age
10:48 Double-Bit Axe
12:37 Fishing Lines
14:33 Bloodlines
14:53 Scale Barding Armor
18:19 Castle Age
19:13 Gold Mining
19:48 Chain Barding Armor
19:47 Bow Saw
21:08 Husbandry
24:07 Horse Collar
28:04 Forging
29:39 Iron Casting
30:06 Wheelbarrow
32:35 Fletching
35:36 Hand Cart
CSA_HW_Mercer
7:07 Loom
9:59 Feudal Age
10:41 Double-Bit Axe
13:37 Fletching
16:02 Padded Archer Armor
22:17 Castle Age
20:12 Gold Mining
20:17 Horse Collar
22:56 Bodkin Arrow
22:23 Crossbowman
24:23 Wheelbarrow
24:23 Bow Saw
25:17 Ballistics
25:22 Leather Archer Armor
28:45 Thumb Ring
29:49 Heavy Plow
31:49 Hand Cart
32:09 Town Watch
32:17 Stone Mining
37:16 Imperial Age
38:52 Conscription
38:42 Bracer
大王同学
9:06 Feudal Age
7:25 Loom
9:50 Double-Bit Axe
15:25 Fletching
17:31 Horse Collar
25:16 Castle Age
23:28 Gold Mining
25:18 Crossbowman
25:54 Bodkin Arrow
26:34 Bow Saw
28:00 Wheelbarrow
27:35 Padded Archer Armor
28:02 Ballistics
小离爱吃糖
11:29 Feudal Age
12:18 Double-Bit Axe
21:41 Castle Age
20:54 Stone Mining
24:23 Gold Mining
34:00 Wheelbarrow
34:03 Gold Shaft Mining
34:21 Scale Barding Armor
34:27 Forging
35:41 Hand Cart
38:13 Imperial Age
38:16 Chain Barding Armor
38:32 Iron Casting
38:06 Husbandry
38:54 Bow Saw
38:41 Loom
38:19 Cavalier
DiegoAzul10
9:16 Feudal Age
12:17 Fletching
15:53 Loom
17:24 Double-Bit Axe
17:52 Padded Archer Armor
19:45 Gold Mining
19:54 Horse Collar
26:04 Castle Age
26:40 Bodkin Arrow
26:07 Crossbowman
29:32 Wheelbarrow
28:42 Town Watch
29:33 Bow Saw
31:16 Ballistics
31:05 Thumb Ring
35:34 Heavy Plow
37:05 Stone Mining
38:38 Gold Shaft Mining
39:11 Leather Archer Armor
[A2PL]JUANDDCAB
6:26 Loom
10:27 Feudal Age
11:51 Double-Bit Axe
17:58 Fletching
18:26 Forging
21:27 Domestication
26:04 Castle Age
27:37 Light Cavalry
28:18 Husbandry
28:56 Scale Barding Armor
[A2PL]Jdbcervantes
10:30 Feudal Age
14:07 Castle Age
13:31 Double-Bit Axe
13:56 Horse Collar
14:32 Bloodlines
19:29 Loom
23:22 Scale Barding Armor
26:04 Husbandry
27:30 Chain Barding Armor
34:21 Light Cavalry
34:58 Gold Mining
[A2PL] ThaNaThoS
11:21 Feudal Age
12:14 Loom
15:02 Castle Age
13:01 Double-Bit Axe
15:57 Medium Warships
16:59 Fletching
18:04 Bodkin Arrow
23:46 Forging
23:42 Scale Barding Armor
24:34 Gold Mining
25:08 Bloodlines
25:40 Husbandry
31:15 Chain Barding Armor
33:15 Town Watch
34:21 Iron Casting
35:52 Wheelbarrow
37:47 Light Cavalry
Connection lost

Rejoining the realm…

Still unreachable

The connection could not be restored.

Session expired

The server has moved on; the page needs a fresh start.